 Dungeon Crawl Stone Soup version 0.23.2-1-ga50397a (webtiles) character file.

Game seed: 16165708932524890177

84 xveg the Vandal (level 4, -1/29 HPs)
             Began as a Halfling Hunter on May 9, 2019.
             Killed by divine providence
             ... invoked by an orc priest
              (14 damage)
             ... on level 3 of the Dungeon.
             The game lasted 00:00:59 (1552 turns).

xveg the Vandal (Halfling Hunter)                   Turns: 1552, Time: 00:01:00

Health: -1/29      AC:  3    Str: 14    XL:     4   Next: 72%
Magic:  4/4        EV: 14    Int: 13    God:
Gold:   72         SH:  0    Dex: 14    Spells: 3/3 levels left

rFire    . . .     SeeInvis .   a - +1 hunting sling
rCold    . . .     Gourm    .   (shield restricted)
rNeg     . . .     Faith    .   c - +0 leather armour
rPois    .         Spirit   .   (no helmet)
rElec    .         Reflect  .   (no cloak)
rCorr    .         Harm     .   (no gloves)
MR       .....                  (no boots)
Stlth    +.........             (no amulet)
HPRegen  0.09/turn              i - +4 ring of intelligence
MPRegen  0.09/turn              (no ring)

@: no status effects
A: small, mutation resistance 1
a: no special abilities


You were on level 3 of the Dungeon.
You were hungry.

You visited 1 branch of the dungeon, and saw 3 of its levels.

You collected 72 gold pieces.

Inventory:

Hand Weapons
 a - a +1 hunting sling (weapon)
 b - a +0 short sword
Missiles
 g - 85 stones (quivered)
Armour
 c - a +0 leather armour (worn)
Jewellery
 i - a +4 ring of intelligence (left hand)
 q - a +3 ring of strength {unknown}
Scrolls
 e - 2 scrolls of enchant weapon {unknown}
 h - a scroll of immolation {unknown}
 k - a scroll of random uselessness {unknown}
 m - a scroll of teleportation {unknown}
 n - a scroll of blinking {unknown}
 o - 3 scrolls of identify {unknown}
 p - 2 scrolls of noise {unknown}
 r - a scroll of remove curse {unknown}
Potions
 j - a potion of might {unknown}
 l - a potion of ambrosia {unknown}
Comestibles
 f - 5 rations


   Skills:
 + Level 2.2 Fighting
 + Level 7.9 Slings
 + Level 0.9 Armour
 + Level 2.2 Dodging
 + Level 1.1 Stealth


You had 3 spell levels left.
You didn't know any spells.
Your spell library was empty.

Dungeon Overview and Level Annotations

Branches:
Dungeon (3/15)

Altars:
Hepliaklqana
Zin


Innate Abilities, Weirdness & Mutations

You are small and have problems with some larger weapons.
You are somewhat resistant to further mutation.


Message History

You are too injured to fight recklessly!
Firing (i - inventory. (/) - cycle)
d - a sling bullet (quivered)
Press: ? - help, Shift-Dir - straight line, f - orc wizard, p - orc priest
Aim: an orc wizard, wielding a +1 dagger of speed and wearing a +0 robe You shoot a sling bullet.
The sling bullet barely misses the orc wizard.
Firing (i - inventory)
g - 87 stones (quivered)
Press: ? - help, Shift-Dir - straight line, f - orc priest, p - orc wizard
Aim: an orc priest, wielding a +0 flail and wearing a +0 leather armour (heavily wounded)
You shoot a stone.
The stone hits the orc priest but does no damage.
The orc priest is heavily wounded.
Firing (i - inventory)
g - 86 stones (quivered)
Press: ? - help, Shift-Dir - straight line, f/p - orc priest
Aim: an orc priest, wielding a +0 flail and wearing a +0 leather armour (heavily wounded)
You shoot a stone. The stone hits the orc priest.
The orc priest is almost dead.
The orc priest calls down the wrath of Beogh upon you.
Beogh smites you!
You die...

####### #
##.....##$#
##.......#.#
#..........#
#..........#
#.........#
#.........#
#####.........#
(..(.o.@...<.##
#(..o......)..#
(((........†..#
.##.............?..
#.........((...>..
...##........(......
### ##..............
##...........(.
####.#########


You could see an orc priest and an orc wizard.

Vanquished Creatures
  A gnoll (D:1)
  5 worms (D:2)
  3 dart slugs
  3 leopard geckos
  3 orcs (D:3)
  A giant cockroach (D:2)
  5 hobgoblins (D:1)
  A quokka (D:2)
  5 bats
  5 frilled lizards
  4 goblins
  8 kobolds
  7 rats
51 creatures vanquished.

Notes
Turn   | Place    | Note
-------+----------+-------------------------------------------
     0 | D:1      | xveg the Halfling Hunter began the quest for the Orb.
     0 | D:1      | Reached XP level 1. HP: 14/14 MP: 1/1
    91 | D:1      | Reached skill level 6 in Slings
    91 | D:1      | Reached XP level 2. HP: 19/19 MP: 2/2
   185 | D:1      | Reached XP level 3. HP: 24/24 MP: 3/3
   189 | D:1      | Reached skill level 7 in Slings
   764 | D:2      | Reached XP level 4. HP: 29/29 MP: 4/4
   911 | D:2      | Found a hazy altar of Hepliaklqana.
  1113 | D:2      | Found a glowing silver altar of Zin.
  1552 | D:3      | Killed from afar by an orc priest

Skill      XL: |  1  2  3 |
---------------+----------+-----
Fighting       | 2 |  2.2
Slings         | 6 7 |  7.9
Armour         | |  0.9
Dodging        | |  2.2
Stealth        | |  1.1

Action                   |  1- 3 |  4- 6 || total
-------------------------+-------+-------++-------
 Fire: Hunting sling     |    76 |    58 ||   134
  Eat: Chunk             |       |     1 ||     1
Armor: Leather armour    |     6 |     1 ||     7
Dodge: Dodged            |     7 |    11 ||    18
